 Dungeon Crawl Stone Soup version 0.25-a0-294-gea9b1ad378 (webtiles) character file.

Game seed: 17975381714302187065, levelgen mode: classic

1057 Borgoz the Covered (level 8, -3/50 HPs)
             Began as a Gargoyle Berserker on Dec 19, 2019.
             Was a Priest of Trog.
             Killed from afar by Dowan (20 damage)
             ... with a stone arrow
             ... on level 6 of the Dungeon.
             The game lasted 00:07:29 (4218 turns).

Borgoz the Covered (Gargoyle Berserker)             Turns: 4218, Time: 00:07:30

Health: -3/50      AC: 14    Str: 21    XL:     8   Next: 27%
Magic:  8/8        EV: 13    Int:  8    God:    Trog [***...]
Gold:   263        SH:  0    Dex: 13    Spells: 7/7 levels left

rFire    . . .     SeeInvis .   k - +0 morningstar
rCold    . . .     Gourm    .   (no shield)
rNeg     + . .     Faith    .   o - +0 ring mail
rPois    ∞         Spirit   .   y - +3 hat of Minor Irritation {Dex+2}
rElec    +         Reflect  .   (no cloak)
rCorr    .         Harm     .   (no gloves)
MR       .....                  (no boots)
Stlth    ++........             (no amulet)
HPRegen  0.16/turn              v - ring of stealth
MPRegen  0.11/turn              (no ring)

@: berserk cooldown, slowed, studying Axes, very slow
A: negative energy resistance 1, electricity resistance, unbreathing,
petrification resistance, rot immunity, AC +5
a: Berserk, Trog's Hand, Renounce Religion


You were on level 6 of the Dungeon.
You worshipped Trog.
Trog was most pleased with you.
You were hungry.

You visited 1 branch of the dungeon, and saw 6 of its levels.

You collected 263 gold pieces.

Inventory:

Hand Weapons
 k - a +0 morningstar (weapon)
Missiles
 u - a throwing net (quivered)
Armour
 o - a +0 ring mail (worn)
 y - the +3 hat of Minor Irritation (worn) {Dex+2}
   (You found it on level 5 of the Dungeon)

   It affects your dexterity (+2).
Jewellery
 v - a ring of stealth (left hand)
Wands
 a - a wand of disintegration (19)
 s - a wand of iceblast (8)
Scrolls
 e - a scroll of magic mapping {unknown}
 g - 2 scrolls of blinking
 h - 2 scrolls of remove curse {unknown}
 i - 2 scrolls of teleportation {unknown}
 m - 2 scrolls of enchant weapon {unknown}
 n - 3 scrolls of identify {unknown}
 p - a scroll of noise {unknown}
 t - a scroll of fog {unknown}
 x - a scroll of enchant armour {unknown}
Potions
 d - a potion of curing
 f - a potion of heal wounds {unknown}
 j - a potion of agility {unknown}
 l - 2 potions of brilliance {unknown}
 q - a potion of magic {unknown}
 r - a potion of flight {unknown}
 w - a potion of invisibility
 A - a potion of mutation {unknown}
Books
 b - a manual of Axes
Comestibles
 c - 6 rations
 z - 2 chunks of flesh


   Skills:
 + Level 5.4 Fighting
 + Level 5.7 Maces & Flails
 + Level 5.7 Armour
 + Level 4.3 Dodging


You had 7 spell levels left.
You didn't know any spells.
Your spell library was empty.

Dungeon Overview and Level Annotations

Branches:
Dungeon (6/15)
 Temple: D:4-7

Altars:
Dithmenos
Uskayaw
Wu Jian
Yredelemnul
Zin
The Shining One

Shops:
D:4 }

Annotations:
D:6 1 transporter, Dowan


Innate Abilities, Weirdness & Mutations

You are resistant to torment.
Your stone body is resilient. (AC +5)
You are immune to poison.
You resist negative energy. (rN+)
You are resistant to electric shocks. (rElec)
You can survive without breathing.
You are immune to petrification.
You are immune to rotting.


Message History

Dowan hits you but does no damage. Dowan casts a spell at you.
The shard of ice hits you!
You barely miss Dowan.
Dowan is heavily wounded.
Dowan barely misses you. Dowan completely misses you.
Dowan hits you but does no damage.
You completely miss Dowan.
Dowan is heavily wounded.
Dowan shakes with grief.
Dowan hits you with a +0 dagger. Dowan hits you but does no damage.
Dowan points at you and mumbles some strange words.
The shard of ice hits you!
* * * LOW HITPOINT WARNING * * *
You feel better.
Dowan says, "How can I live without her?"
Dowan barely misses you.
Dowan points at you and mumbles some strange words.
The stone arrow hits you!!
You die...

..........#........
##..####.#.....?....
.....##%#.......... ..
#..........##..... #.
#..........##..... #..
#............#.... #..
#............#....
##.>###e.......#........
#......@......##........
#.###..........##....#..
#....)......#.####..
#........###..#.##....
#...#........#.....#.###
#..#####......#.........
#.. #.......##...####.
... ##....(.##...#(.#. .
###.#....._.#(.#.


You could see Dowan.

Vanquished Creatures
  Grinder (D:5)
  Eustachio (D:4)
  Duvessa (D:6)
  A sky beast (D:5)
  2 centaurs (D:5)
  A scorpion (D:6)
  A crimson imp (D:5)
  A hound (D:4)
  An orc wizard (D:4)
  Ijyb (D:4)
  A worker ant (D:3)
  7 adders
  A shadow imp (D:6)
  3 oozes
  A worm (D:4)
  A dart slug (D:3)
  4 leopard geckos
  8 orcs
  5 giant cockroaches
  4 goblins
  7 hobgoblins
  10 jackals
  2 quokkas
  6 bats
  5 frilled lizards
  8 kobolds
  A leopard gecko skeleton (D:4)
  5 rats
  A spectral orc (D:4)
91 creatures vanquished.

Notes
Turn   | Place    | Note
-------+----------+-------------------------------------------
     0 | D:1      | Borgoz the Gargoyle Berserker began the quest for the Orb.
     0 | D:1      | Reached XP level 1. HP: 14/14 MP: 1/1
   283 | D:1      | Reached XP level 2. HP: 19/19 MP: 2/2
   985 | D:2      | Reached XP level 3. HP: 23/23 MP: 3/3
  1388 | D:2      | Reached XP level 4. HP: 19/28 MP: 4/4
  1777 | D:3      | Reached ** piety under Trog
  2326 | D:3      | Reached XP level 5. HP: 32/32 MP: 5/5
  2967 | D:4      | Found an ornate altar of the Wu Jian Council.
  3004 | D:4      | Found Xaosai's Gadget Boutique.
  3107 | D:4      | Noticed Ijyb
  3129 | D:4      | Killed Ijyb
  3156 | D:4      | Reached XP level 6. HP: 38/38 MP: 6/6
  3160 | D:4      | Found a basalt altar of Yredelemnul.
  3160 | D:4      | Noticed Eustachio
  3183 | D:4      | Killed Eustachio
  3393 | D:5      | Entered Level 5 of the Dungeon
  3418 | D:5      | Noticed Grinder
  3418 | D:5      | Paralysed by Grinder for 6 turns
  3430 | D:5      | Paralysed by Grinder for 7 turns
  3441 | D:5      | Killed Grinder
  3441 | D:5      | Reached skill level 5 in Maces & Flails
  3441 | D:5      | Reached XP level 7. HP: 35/44 MP: 7/7
  3604 | D:5      | Reached skill level 5 in Armour
  3609 | D:5      | Reached skill level 5 in Fighting
  3623 | D:5      | Reached XP level 8. HP: 28/49 MP: 8/8
  3662 | D:5      | Got a spiked hat
  3673 | D:5      | Identified the +3 hat of Minor Irritation {Dex+2} (You
                  | found it on level 5 of the Dungeon)
  3704 | D:5      | Found a shadowy altar of Dithmenos.
  4015 | D:6      | Reached *** piety under Trog
  4048 | D:6      | Found a transporter.
  4068 | D:6      | Found a glowing golden altar of the Shining One.
  4168 | D:6      | Found a glowing silver altar of Zin.
  4172 | D:6      | Found a hide-covered altar of Uskayaw.
  4175 | D:6      | Noticed a +0 hand axe
  4175 | D:6      | Noticed a +0 hand axe
  4181 | D:6      | Noticed Dowan
  4182 | D:6      | Noticed Duvessa
  4196 | D:6      | Killed Duvessa
  4218 | D:6      | Killed from afar by Dowan

Levels and vault maps discovered:
D:1:      ncdulo_halloftheorcs, layout_loops_ring, st_stairs_12
D:2:      layout_loops_corners, first_ration
D:3:      layout_loops_ring
D:4:      layout_basic, yredelemnul_forgotten_temple_becter,
          nicolae_overflow_hidden_temple, serial_shops, kennysheep_little_box,
          uniq_eustachio, uniq_ijyb
D:5:      layout_cave_pools, basic_altar, minmay_manual_mares, uniq_grinder
D:6:      gammafunk_steamed_eel, layout_cave_pools, dancing_weapons_uskayaw,
          lemuel_doored_altar, portal_sewer_entry_d, kennysheep_path_1,
          nicolae_lava_and_water, tso_altar, uniq_duvessa

Skill      XL: |  1  2  3  4  5  6  7 |
---------------+----------------------+-----
Dodging        | 2 3 4 |  4.3
Armour         | 3 4 5 |  5.7
Maces & Flails | 4 5 |  5.7
Fighting       | 4 5 |  5.4

Action                   |  1- 3 |  4- 6 |  7- 9 || total
-------------------------+-------+-------+-------++-------
Melee: Mace              |   102 |    94 |       ||   196
       Morningstar       |       |   115 |    68 ||   183
Invok: Berserk           |       |     3 |     2 ||     5
  Use: Scroll            |       |       |     1 ||     1
       Potion            |       |       |     1 ||     1
  Eat: Chunk             |     2 |     8 |     2 ||    12
       Ration            |       |       |     1 ||     1
Armor: Animal skin       |    41 |    42 |       ||    83
       Ring mail         |       |   117 |    41 ||   158
Dodge: Dodged            |    70 |   202 |    45 ||   317

Table legend:
 A = Non-vault XP
 B = Vault XP
 C = Vault XP percentage of total XP
 D = Non-vault monster count
 E = Vault monster count
 F = Vault count percentage of total count
                 A         B        C        D         E       F
            +---------+---------+-------+---------+---------+-------
      Total |     624 |     887 |  58.7 |      83 |       8 |   8.8
            +---------+---------+-------+---------+---------+-------
        D:1 |      27 |       1 |   3.6 |      14 |       1 |   6.7
        D:2 |      61 |       0 |   0.0 |      15 |       0 |   0.0
        D:3 |     103 |       0 |   0.0 |      26 |       0 |   0.0
        D:4 |     143 |     240 |  62.7 |      17 |       3 |  15.0
        D:5 |     180 |     504 |  73.7 |       3 |       3 |  50.0
        D:6 |     110 |     142 |  56.3 |       8 |       1 |  11.1
            +---------+---------+-------+---------+---------+-------
